 Dungeon Crawl Stone Soup version 0.23-a0-358-g98c7a59 (webtiles) character file.

56081 Amnesiac the Covert (level 14, -7/101 HPs)
             Began as a Vampire Earth Elementalist on Oct 22, 2018.
             Was an Initiate of Gozag.
             Splashed by an acid blob's acid (13 damage)
             ... on level 6 of the Lair of Beasts.
             The game lasted 01:25:10 (25354 turns).

Amnesiac the Covert (Vampire Earth Elementalist)   Turns: 25354, Time: 01:25:11

Health: -7/101     AC:  3    Str:  8    XL:     14   Next: 40%
Magic:  20/29      EV: 23    Int: 25    God:    Gozag
Gold:   4698       SH:  7    Dex: 29    Spells: 1/35 levels left

rFire    . . .     SeeInvis +   a - +6 dagger of Ajamn {venom, *Slow +Blink rElec Dex+6}
rCold    + + .     Gourm    .   D - +0 buckler
rNeg     + + +     Faith    .   S - +1 robe of the Blacksmith {Int+4}
rPois    ∞         Spirit   .   s - +2 helmet {Int+3}
rElec    +         Reflect  .   d - +2 ratskin cloak {+Rats rPois rN+ Str-1 Int-1 Dex+1}
rCorr    .         Harm     +   v - +0 pair of gloves
MR       +....                  q - +0 pair of boots
Stlth    ++++++++..             Q - amulet of harm
HPRegen  0.00/turn              (no ring)
MPRegen  0.21/turn              (no ring)

@: corroded, bloodless, non-regenerating, slowed, very slow
A: fangs 3, talons 1, thin skeletal structure 1, see invisible, agile 1, strong
1, unbreathing, evolution 1
a: Bat Form, Potion Petition, Call Merchant, Bribe Branch, Renounce Religion,
Evoke Blink, Evoke Ratskin


You were on level 6 of the Lair of Beasts.
You worshipped Gozag.
Gozag was most pleased with you.
You were bloodless.

You visited 2 branches of the dungeon, and saw 19 of its levels.
You also visited: Ossuary.

You collected 6174 gold pieces.
You spent 1453 gold pieces at shops.
You paid 23 gold pieces to Gozag.

Inventory:

Hand Weapons
 a - the +6 dagger of Ajamn (weapon) {venom, *Slow +Blink rElec Dex+6}
   (You found it on level 3 of the Lair of Beasts)

   It poisons the flesh of those it strikes.
   It affects your dexterity (+6).
   It insulates you from electricity.
   It lets you blink.
   It may slow you when you take damage.
 b - a +0 blowgun
Missiles
 f - 415 stones (quivered)
 L - 28 poisoned needles
Armour
 d - the +2 ratskin cloak (worn) {+Rats rPois rN+ Str-1 Int-1 Dex+1}
   (You found it on level 9 of the Dungeon)

   It affects your strength (-1).
   It affects your intelligence (-1).
   It affects your dexterity (+1).
   It protects you from poison.
   It protects you from negative energy.
 q - a +0 pair of boots (worn)
 s - a +2 helmet of intelligence (worn)
 v - a +0 pair of gloves (worn)
 D - a +0 buckler (worn)
 S - the +1 robe of the Blacksmith (worn) {Int+4}
   (You found it on level 1 of the Lair of Beasts)

   It affects your intelligence (+4).
Jewellery
 Q - an amulet of harm (around neck)
Wands
 u - a wand of random effects (85)
 E - a wand of disintegration (15)
 G - a wand of flame (38)
 I - a wand of digging (17)
 J - a wand of polymorph (11)
 K - a wand of scattershot (3)
 O - a wand of acid (16)
 R - a wand of paralysis (12)
Scrolls
 g - 8 scrolls of teleportation {!r}
 l - 4 scrolls of blinking {!r}
 n - 9 scrolls of remove curse {!r}
 o - 2 scrolls of amnesia {!r}
 p - 4 scrolls of noise {!r}
 r - 4 scrolls of fear {!r}
 x - 5 scrolls of identify {!r}
 y - 2 scrolls of acquirement {!r}
 A - a scroll of enchant armour {!r}
 P - 2 scrolls of magic mapping {!r}
 T - 3 scrolls of enchant weapon {!r}
 U - 2 scrolls of fog {!r}
Potions
 c - a potion of invisibility {!q}
 e - a potion of flight {!q}
 h - 4 potions of mutation {!q}
 i - a potion of resistance {!q}
 j - 6 potions of heal wounds {!q}
 k - 3 potions of might {!q}
 t - 4 potions of haste {!q}
 w - 2 potions of agility {!q}
 B - 5 potions of brilliance {!q}
 C - 9 potions of curing {!q}
 H - 7 potions of magic {!q}
 V - a potion of cancellation {!q, unknown}
Miscellaneous
 m - a phial of floods
 M - a fan of gales
 N - 3 boxes of beasts


   Skills:
 + Level 6.4 Fighting
 - Level 10.1 Short Blades
 + Level 9.4 Dodging
 + Level 12.5 Stealth
 - Level 4.0 Shields
 - Level 11.0 Spellcasting
 - Level 8.0 Necromancy
 - Level 10.0 Transmutations
 - Level 10.0 Earth Magic
 - Level 4.0 Evocations


You had one spell level left.
You knew the following spells:

 Your Spells              Type           Power        Failure   Level  Hunger
a - Agony                 Necr           ######..     4%          5    ####...
b - Passwall              Tmut/Erth      ######..     1%          2    None
c - Stone Arrow           Conj/Erth      #####.       1%          3    None
d - Lee's Rapid Deconstr  Erth           ######....   1%          5    ####...
e - Petrify               Tmut/Erth      ######..     1%          4    None
f - Mephitic Cloud        Conj/Pois/Air  ##......     13%         3    None
g - Swiftness             Chrm/Air       ##......     7%          2    None
h - Apportation           Tloc           ##....       4%          1    None
i - Sandblast             Erth           ######       1%          1    None
j - Dispel Undead         Necr           ######..     4%          5    ####...
v - Blink                 Tloc           N/A          7%          2    None
z - Confusing Touch       Hex            ##....       4%          1    None

Your spell library contained the following spells:

 Spells                   Type           Power        Failure   Level  Hunger
 Animate Skeleton         Necr           N/A          1%          1    None
 Freeze                   Ice            ##..         4%          1    None
 Magic Dart               Conj           ##..         4%          1    None
 Summon Small Mammal      Summ           ##..         4%          1    None
 Corpse Rot               Necr           N/A          1%          2    None
 Sublimation of Blood     Necr           ######....   1%          2    None
 Ignite Poison            Fire/Tmut/Pois ####....     3%          3    None
 Call Imp                 Summ           ##......     7%          2    None
 Searing Ray              Conj           ##....       7%          2    None
 Slow                     Hex            ##......     7%          2    None
 Throw Frost              Conj/Ice       ##....       7%          2    None
 Conjure Flame            Conj/Fire      ##......     13%         3    None
 Dazzling Spray           Conj/Hex       ##....       13%         3    None
 Ozocubu's Armour         Chrm/Ice       ##......     13%         3    None
 Alistair's Intoxication  Tmut/Pois      #####...     16%         5    ####...
 Irradiate                Conj/Tmut      #####.....   16%         5    ####...
 Yara's Violent Unravell  Hex/Tmut       #####.....   16%         5    ####...
 Bolt of Draining         Conj/Necr      ####......   24%         5    ####...
 Excruciating Wounds      Chrm/Necr      ####......   24%         5    ####...
 Bolt of Magma            Conj/Fire/Erth ####......   30%         5    ####...
 Cause Fear               Hex            ##........   41%         4    None
 Force Lance              Conj/Tloc      ##......     41%         4    None
 Fulminant Prism          Conj/Hex       ##........   41%         4    None
 Iskenderun's Mystic Bla  Conj           ##......     41%         4    None
 Summon Ice Beast         Ice/Summ       ##......     41%         4    None
 Throw Icicle             Conj/Ice       ##......     41%         4    None
 Iron Shot                Conj/Erth      #####.....   65%         6    #####..
 Iskenderun's Battlesphe  Conj/Chrm      ##......     77%         5    ####...
 Silence                  Hex/Air        ##........   77%         5    ####...
 Venom Bolt               Conj/Pois      ##........   77%         5    ####...
 Deflect Missiles         Chrm/Air       ##........   100%        6    #####..
 Orb of Destruction       Conj           ##........   100%        7    #######
 Spellforged Servitor     Conj/Summ      ##........   100%        7    #######
 Discord                  Hex            ##........   100%        8    #######


Dungeon Overview and Level Annotations

Branches:
Dungeon (13/15)            Temple (0/1) D:6            Lair (6/6) D:9
  Swamp (0/4) Lair:3        Snake (0/4) Lair:4        Slime (0/5) Lair:6
    Orc (0/2) D:11
 Vaults: D:13-14

Altars:
Ashenzari
Cheibriados
Dithmenos
Fedhas
Gozag
Makhleb
Ru
Sif Muna
Trog
Vehumet
Wu Jian
Xom
Zin
The Shining One
Jiyva

Shops:
D:2 *   D:4 }   D:6 :[%   D:11 :   D:12 !!?

Annotations:
Lair:4 3 runed doors, Laiders72's ghost, journeyman MiBe; emiel's ghost, journeyman HOFE


Innate Abilities, Weirdness & Mutations

You do not heal naturally.
You are immune to poison.
You have razor-sharp teeth.
You have supernaturally acute eyesight. (SInv)
You can survive without breathing.
You have sharp toenails.
You have a somewhat thin skeletal structure. (Dex +2, Stealth)
You are agile. (Dex +2)
Your muscles are strong. (Str +2)
You evolve.


Message History

You hit the fungus.
The fungus is heavily damaged.
You puncture the fungus! You bite the fungus.
The fungus is almost destroyed.
Casting: Petrify (safe; 1% risk of failure)
Confirm with . or Enter, or press ? or * to list all spells.
Aiming: Petrify (safe; 1% risk of failure)
Press: ? - help, Shift-Dir - straight line, f - acid blob
Aim: an acid blob (chance to defeat MR: 0%)
Okay, then.
Casting: Petrify (safe; 1% risk of failure)
Confirm with . or Enter, or press ? or * to list all spells.
Aiming: Lee's Rapid Deconstruction (safe; 1% risk of failure)
Press: ? - help, Dir - move target cursor A rock wall.
The wall shatters!
The blast of rock fragments hits the acid blob.
The acid blob is lightly wounded.
The blast of rock fragments hits the fungus.
You destroy the fungus!
The blast of rock fragments hits the fungus.
The fungus is almost destroyed.
Unknown command.
Casting: Lee's Rapid Deconstruction (safe; 1% risk of failure)
Confirm with . or Enter, or press ? or * to list all spells.
Aiming: Lee's Rapid Deconstruction (safe; 1% risk of failure)
Press: ? - help, Dir - move target cursor A rock wall.
The wall shatters!
The blast of rock fragments hits the acid blob.
The acid blob is moderately wounded.
The blast of rock fragments hits the fungus.
You destroy the fungus!
Really read
F - a scroll of torment {!r}?
As you read the scroll of torment {!r}, it crumbles to dust.
You feel a surge of unholy energy.
The acid blob convulses!
The acid blob spits acid at you. The splash of acid hits you!
The acid corrodes you!
You are splashed with acid!
The acid burns!
Okay, then.
The acid blob spits acid at you. The splash of acid hits you!
You feel yourself slow down. The acid corrodes you!
You are splashed with acid!
The acid burns!
* * * LOW HITPOINT WARNING * * *
The acid blob spits acid at you. The splash of acid hits you!
* * * LOW HITPOINT WARNING * * *
You are splashed with acid!
The acid burns!
* * * LOW HITPOINT WARNING * * *
The acid blob spits acid at you. The splash of acid misses you.
Really quaff
j - 7 potions of heal wounds {!q}?
You feel much better. The acid blob spits acid at you.
The splash of acid hits you!
* * * LOW HITPOINT WARNING * * *
You are splashed with acid!
The acid burns!
* * * LOW HITPOINT WARNING * * *
The acid blob spits acid at you. The splash of acid hits you!
* * * LOW HITPOINT WARNING * * *
You are splashed with acid!
The acid burns!
You die...
Your body crumbles into a pile of gold.

.........###.#......##'##........
....................#._.#........
..........#.........#...#..).....
.......P............#.>.#........
....................#####........
...P##..................#........
..............#..........##......
...#...P.................#.......
.......#.#...J..@.#.......#......
.........#..P.##....##...#.......
......J.########....#............
......#.# ##................
.....P### ###P.........#...
...#### ####......#..#. ...##
#........... .P#.# #...).......
♣♣### ##...........


You could see an acid blob.

Vanquished Creatures
  Snorg (D:10)
  A fire dragon (Lair:6)
  The ghost of Karim the Blocker, a journeyman NaFi of Gozag (Lair:2)
  4 hydras
  The ghost of Folque the Geomancer, a novice DrEE of Sif Muna (D:9)
  5 two-headed ogres
  6 death yaks
  A tengu warrior (D:12)
  A fire crab (Lair:5)
  An unseen horror (D:13)
  A lindwurm (Lair:6)
  2 ugly things (D:11)
  4 oklob plants (Lair:2)
  The ghost of nht the Cutter, a novice OpBe of Trog (D:6)
  3 cyclopes
  A manticore (D:9)
  5 elephants
  Maurice (D:8)
  3 black mambas
  A guardian serpent (Lair:4)
  4 spiny frogs
  2 gargoyles
  5 torpor snails (Lair:6)
  2 kobold demonologists
  8 komodo dragons
  4 rime drakes
  A tengu conjurer (D:9)
  3 polar bears
  7 hornets (Lair:6)
  4 trolls
  A slime creature (Lair:6)
  9 blink frogs
  5 tyrant leeches
  13 hippogriffs
  Sigmund (D:2)
  2 shadows
  2 wraiths
  40 yaks
  4 wyverns
  A hungry ghost (D:8)
  3 vampire mosquitoes
  Menkaure (D:6)
  A swamp worm (Lair:3)
  9 water moccasins
  2 orc warriors
  4 porcupines
  2 phantoms (D:9)
  2 swamp drakes (Lair:6)
  An ice beast (D:10)
  3 necrophages
  2 sky beasts
  17 wolves
  4 ogres
  3 centaurs
  14 crocodiles
  4 big kobolds
  11 bullfrogs
  4 scorpions
  10 killer bees
  12 wights
  4 electric eels (Lair:3)
  7 howler monkeys
  9 crimson imps
  2 centaur zombies
  3 bullfrog zombies
  5 hounds
  13 orc wizards
  5 orc priests
  2 jellies (D:8)
  4 bullfrog skeletons
  Jessica (D:3)
  5 centaur skeletons
  4 iguanas
  15 worker ants
  4 hell rats (Lair:5)
  2 big kobold zombies (Ossuary)
  A hound zombie (D:7)
  8 mummies (Ossuary)
  Robin (D:2)
  3 gnolls (D:5)
  12 adders
  5 river rats (Lair:5)
  2 shadow imps
  An ooze (D:2)
  An adder skeleton (D:6)
  A worm (D:4)
  3 dart slugs (D:1)
  4 leopard geckos
  39 orcs
  2 bats
  6 giant cockroaches
  4 hobgoblins
  10 jackals
  3 quokkas
  A ball python (D:2)
  8 frilled lizards
  10 goblins
  A hobgoblin zombie (Ossuary)
  26 kobolds
  4 kobold zombies (Ossuary)
  An orc zombie (Ossuary)
  11 rats
  2 butterflies (Lair:3)
  4 fungi
  A plant (Lair:2)
531 creatures vanquished.

Vanquished Creatures (collateral kills)
  An orc warrior (D:9)
  An iguana (D:9)
2 creatures vanquished.

Vanquished Creatures (others)
  A gnoll (D:6)
  8 fungi
  19 plants
  6 withered plants (Lair:4)
34 creatures vanquished.

Grand Total: 567 creatures vanquished

Notes
Turn   | Place    | Note
-------+----------+-------------------------------------------
     0 | D:1      | Amnesiac the Vampire Earth Elementalist began the quest for
                  | the Orb.
     0 | D:1      | Reached XP level 1. HP: 13/13 MP: 3/3
   263 | D:2      | Found an opulent altar of Gozag.
   268 | D:2      | Reached XP level 2. HP: 15/19 MP: 3/5
   271 | D:2      | Found Gozag's Platinum Reserve.
   522 | D:2      | Became a worshipper of Gozag Ym Sagoz the Greedy
   784 | D:1      | Reached XP level 3. HP: 8/24 MP: 6/6
   834 | D:1      | Learned a level 2 spell: Passwall
  1171 | D:2      | Noticed Sigmund
  1429 | D:2      | Reached skill level 4 in Stealth
  1477 | D:2      | Noticed Robin
  1502 | D:2      | Reached XP level 4. HP: 15/30 MP: 7/7
  1511 | D:2      | Learned a level 4 spell: Petrify
  1893 | D:2      | Found a glowing silver altar of Zin.
  1947 | D:2      | Killed Robin
  2034 | D:2      | Found a snail-covered altar of Cheibriados.
  2174 | D:2      | Killed Sigmund
  2174 | D:2      | Reached skill level 5 in Stealth
  2174 | D:2      | Reached skill level 5 in Earth Magic
  2174 | D:2      | Reached XP level 5. HP: 35/35 MP: 1/9
  2382 | D:3      | Reached XP level 6. HP: 30/41 MP: 8/11
  3411 | D:3      | Noticed Jessica
  3422 | D:3      | Killed Jessica
  3655 | D:4      | Reached skill level 6 in Stealth
  3768 | D:4      | Found a deep blue altar of Sif Muna.
  3803 | D:4      | Found Suunig's Gadget Emporium.
  4345 | D:5      | Entered Level 5 of the Dungeon
  4370 | D:5      | Reached XP level 7. HP: 27/46 MP: 3/12
  4643 | D:5      | Reached skill level 1 in Short Blades
  5179 | D:5      | Found a burning altar of Makhleb.
  5180 | D:5      | Found a shimmering altar of Xom.
  5418 | D:6      | Noticed a two-headed ogre
  5430 | D:6      | Killed a two-headed ogre
  5430 | D:6      | Reached XP level 8. HP: 52/52 MP: 10/14
  5510 | D:6      | Found Onluev's Armour Boutique.
  5510 | D:6      | Noticed Menkaure
  5511 | D:6      | Noticed a gargoyle
  5518 | D:6      | Killed Menkaure
  5518 | D:6      | Reached skill level 7 in Stealth
  5558 | D:6      | Learned a level 5 spell: Lee's Rapid Deconstruction
  5562 | D:6      | Learned a level 3 spell: Stone Arrow
  5617 | D:6      | Bought a cursed +0 pair of gloves for 19 gold pieces
  5642 | D:6      | Found a staircase to the Ecumenical Temple.
  5757 | D:6      | Found a shattered altar of Ashenzari.
  5925 | D:6      | Found Ciogg's Book Emporium.
  6230 | D:6      | Found Empozxuw's Food Emporium.
  6576 | D:6      | Found a runed gate.
  6577 | D:6      | Found a runed gate.
  6578 | D:6      | Found a runed gate.
  6580 | D:6      | Noticed nht's ghost (novice OpBe)
  6678 | D:6      | Found a shimmering altar of Xom.
  6800 | D:6      | Found a basalt altar of Yredelemnul.
  6800 | D:6      | Found a shattered altar of Ashenzari.
  6802 | D:6      | Found a deep blue altar of Sif Muna.
  6802 | D:6      | Found an ornate altar of the Wu Jian Council.
  6802 | D:6      | Found a shimmering altar of Xom.
  7007 | D:6      | Killed a gargoyle
  7007 | D:6      | Reached skill level 5 in Spellcasting
  7007 | D:6      | Reached XP level 9. HP: 34/57 MP: 0/16
  7119 | D:6      | Killed nht's ghost
  7229 | D:7      | Found a sand-covered staircase.
  7396 | D:7      | Found a sacrificial altar of Ru.
  7507 | Ossuary  | Entered an ossuary
  8518 | D:7      | Reached skill level 10 in Earth Magic
  8781 | D:7      | Found a bloodstained altar of Trog.
  8892 | D:7      | Reached skill level 1 in Shields
  9393 | D:8      | Found a radiant altar of Vehumet.
  9459 | D:8      | Noticed Maurice
  9468 | D:8      | Killed Maurice
  9468 | D:8      | Reached XP level 10. HP: 63/63 MP: 15/18
  9601 | D:8      | Reached skill level 8 in Stealth
  9619 | D:8      | Got a jewelled dagger
  9643 | D:8      | Found an ornate altar of the Wu Jian Council.
  9708 | D:8      | Found a blossoming altar of Fedhas.
  9919 | D:9      | Noticed an elephant
  9919 | D:9      | Noticed a two-headed ogre
 10414 | D:9      | Noticed a manticore
 10415 | D:9      | Noticed a cyclops
 10418 | D:9      | Killed a manticore
 10418 | D:9      | Reached skill level 9 in Stealth
 10470 | D:9      | Identified the +9 dagger "Meab" {protect, *Corrode Str+3}
                  | (You found it on level 8 of the Dungeon)
 10601 | D:9      | Found a shadowy altar of Dithmenos.
 10747 | D:8      | Killed an elephant
 10747 | D:8      | Reached skill level 10 in Short Blades
 10747 | D:8      | Reached skill level 10 in Stealth
 10882 | D:9      | Got a jewelled buckler
 10893 | D:9      | Identified the cursed -2 buckler "Gallesch" {rPois rF-
                  | Str+6 Stlth+} (You found it on level 9 of the Dungeon)
 10900 | D:9      | Noticed a four-headed hydra
 10909 | D:9      | Killed a four-headed hydra
 10909 | D:9      | Reached skill level 1 in Fighting
 10921 | D:9      | Gained mutation: You evolve. [potion of mutation]
 10921 | D:9      | Gained mutation: You have sharp toenails. [potion of
                  | mutation]
 10921 | D:9      | Gained mutation: You have a somewhat thin skeletal
                  | structure. (Dex +2, Stealth) [potion of mutation]
 10976 | D:9      | Killed a two-headed ogre
 10976 | D:9      | Reached XP level 11. HP: 72/72 MP: 6/19
 11102 | D:9      | Found the +2 ratskin cloak {+Rats rPois rN+ Str-1 Int-1
                  | Dex+1}
 11147 | D:9      | Identified the Tome of Poisoning and Enhancements
 11152 | D:9      | Learned a level 2 spell: Swiftness
 11156 | D:9      | Learned a level 3 spell: Mephitic Cloud
 11451 | D:9      | Found a staircase to the Lair.
 11456 | D:9      | Reached skill level 5 in Dodging
 11456 | D:9      | Reached skill level 1 in Evocations
 11465 | D:9      | Found a runed gate.
 11465 | D:9      | Found a runed gate.
 11466 | D:9      | Found a runed gate.
 11468 | D:9      | Noticed Folque's ghost (novice DrEE)
 11528 | D:9      | Killed Folque's ghost
 11922 | D:10     | Entered Level 10 of the Dungeon
 11985 | D:10     | Reached skill level 11 in Stealth
 12246 | D:10     | Noticed Snorg
 12266 | D:10     | Killed Snorg
 12398 | D:10     | Noticed a two-headed ogre
 12410 | D:10     | Killed a two-headed ogre
 12910 | D:11     | Noticed a brown ugly thing
 12910 | D:11     | Noticed a purple ugly thing
 12912 | D:11     | Killed a purple ugly thing
 12923 | D:11     | Killed a brown ugly thing
 13355 | D:11     | Reached skill level 12 in Stealth
 13382 | D:11     | Found Mongoh's Book Boutique.
 13502 | D:11     | Reached XP level 12. HP: 84/84 MP: 20/20
 13856 | D:11     | Found a staircase to the Orcish Mines.
 14114 | D:12     | Found Fyturo's Magic Scroll Emporium.
 14147 | D:12     | Bought a scroll of random uselessness for 15 gold pieces
 14147 | D:12     | Bought a scroll of torment for 112 gold pieces
 14164 | D:12     | Noticed a two-headed ogre
 14177 | D:12     | Killed a two-headed ogre
 14190 | D:12     | Reached skill level 5 in Fighting
 14201 | D:12     | Noticed a two-headed ogre
 14567 | D:11     | Learned a level 2 spell: Sublimation of Blood
 14682 | D:11     | Bought a book of Minor Magic for 280 gold pieces
 14682 | D:11     | Bought a book of Cantrips for 280 gold pieces
 14685 | D:11     | Learned a level 2 spell: Blink
 15222 | D:12     | Learned a level 1 spell: Confusing Touch
 15224 | D:12     | Learned a level 1 spell: Apportation
 15441 | D:12     | Found Hotya's Distillery.
 15447 | D:12     | Bought a potion of heal wounds for 75 gold pieces
 15447 | D:12     | Bought a potion of haste for 150 gold pieces
 15447 | D:12     | Bought a potion of haste for 150 gold pieces
 15447 | D:12     | Bought a potion of agility for 60 gold pieces
 15450 | D:12     | Found Diepsul's Distillery.
 15455 | D:12     | Bought a potion of magic for 104 gold pieces
 15455 | D:12     | Bought a potion of magic for 104 gold pieces
 15455 | D:12     | Bought a potion of magic for 104 gold pieces
 15818 | D:12     | Killed a two-headed ogre
 16042 | D:13     | Noticed a tengu warrior
 16044 | D:13     | Noticed a tengu warrior
 16049 | D:13     | Noticed a centaur warrior
 16077 | D:12     | Killed a tengu warrior
 16169 | D:9      | Gained mutation: Your muscles are strong. (Str +2)
                  | [evolution]
 16181 | Lair:1   | Entered Level 1 of the Lair of Beasts
 16334 | Lair:1   | Noticed a five-headed hydra
 16798 | Lair:1   | Got a bloodstained robe
 17007 | Lair:1   | Noticed a six-headed hydra
 17014 | Lair:1   | Reached XP level 13. HP: 93/93 MP: 22/26
 17147 | Lair:1   | Reached skill level 10 in Spellcasting
 17156 | Lair:1   | Learned a level 5 spell: Agony
 17730 | Lair:2   | Found a glowing golden altar of the Shining One.
 17921 | Lair:2   | Found a runed door.
 17950 | Lair:2   | Learned a level 5 spell: Dispel Undead
 17960 | Lair:2   | Identified the cursed +1 robe of the Blacksmith {Int+4}
                  | (You found it on level 1 of the Lair of Beasts)
 18039 | Lair:2   | Noticed Karim's ghost (journeyman NaFi)
 18070 | Lair:2   | Reached skill level 1 in Necromancy
 18708 | Lair:2   | Killed Karim's ghost
 18921 | Lair:3   | Reached skill level 5 in Necromancy
 19424 | Lair:3   | Got a scorched dagger
 19457 | Lair:3   | Identified the +6 dagger of Ajamn {venom, *Slow +Blink
                  | rElec Dex+6} (You found it on level 3 of the Lair of
                  | Beasts)
 19460 | Lair:3   | You fall through a shaft for 3 floors!
 19460 | Lair:6   | Entered Level 6 of the Lair of Beasts
 19468 | Lair:6   | Found a runed door.
 19468 | Lair:6   | Found a viscous altar of Jiyva.
 19468 | Lair:6   | Noticed an acid blob
 19471 | Lair:6   | Found a staircase to the Slime Pits.
 19620 | Lair:4   | Found a runed gate.
 19984 | Lair:3   | Found a staircase to the Swamp.
 20267 | Lair:4   | Found a staircase to the Snake Pit.
 20429 | Lair:4   | Found a runed gate.
 20430 | Lair:4   | Found a runed gate.
 20442 | Lair:4   | Noticed emiel's ghost (journeyman HOFE)
 20442 | Lair:4   | Noticed Laiders72's ghost (journeyman MiBe)
 20817 | Lair:4   | Found the -2 hat of the Alchemist {rElec rPois rF+ rC+ rN+
                  | MR+ rMut rCorr}
 21012 | Lair:5   | Gained mutation: You are agile. (Dex +2) [evolution]
 21170 | Lair:5   | Reached skill level 5 in Transmutations
 22486 | Lair:5   | Reached XP level 14. HP: 57/100 MP: 1/29
 23957 | Lair:6   | Identified 3 scrolls of acquirement {!r}
 23958 | Lair:6   | Got a distressingly furry chain mail
 23971 | Lair:5   | Identified the +1 chain mail "Sammij" {rPois MR+ Int+3}
                  | (You acquired it on level 6 of the Lair of Beasts)
 24821 | Lair:6   | Reached skill level 10 in Transmutations
 24891 | Lair:6   | Found a runed door.
 24916 | Lair:6   | Got an ancient lajatang
 25354 | Lair:6   | Splashed by an acid blob's acid

Vault maps used:
D:1:      dpeg_arrival_tiny_c
D:2:      nicolae_overflow_crystal_walls, nicolae_gozag_zags_fifth_avenue,
          overflow_temple_1_default, uniq_robin, uniq_sigmund
D:3:      minmay_misc_feat_nine_boxes, uniq_jessica
D:4:      serial_shops, nicolae_shop_crystal, first_ration, tgw_sif
D:5:      grunt_temple_overflow_champion_of_chaos, chequers_mini_garden,
          minmay_tree_intersection
D:6:      overflow_temple_1_default, lemuel_temple_firewalk_b, serial_shops,
          shop, shop_statue, shop, ebering_ghost_rock_garden,
          doesnt_xom_only_xom, uniq_menkaure
D:7:      nicolae_ru_great_annihilating_truth, lemuel_round_altar,
          nicolae_ossuary_entry_plus
D:8:      lemuel_round_altar, kennysheep_mini_moat, vehumet_altar_wand_db,
          uniq_maurice
D:9:      minmay_the_grid_3x2, lemuel_coloured_pillars_altar,
          david_lair_generic, ebering_ghost_rock_garden, grunt_ogre_cave
D:10:     uniq_snorg
D:11:     orc_0_dummy, serial_shops, shop
D:12:     serial_shops, shop, kennysheep_little_box, shop_scrolls
D:13:     hangedman_vaults_entry_quadrant_bands, st_stairs_9,
          minmay_misc_feat_tower, minmay_misc_feat_ornament, uniq_sonja
Lair:1:   grunt_megastairs_4
Lair:2:   basic_altar, gammafunk_ghost_grave, minmay_lair_oklob_chamber
Lair:3:   minmay_swamp_entry_worms, minivault_26, columned_hall_lemuel,
          serial_bayou_shore_a, lemuel_fruit_fields
Lair:4:   minmay_snake_entry_spellcaster, gammafunk_ghost_cemetery,
          serial_bayou_pond_d, chequers_serial_rivers_micro_c,
          beast_lair_carwin_11, grunt_megastairs_2
Lair:5:   kennysheep_abandoned_house
Lair:6:   wormcave, guppyfry_lair_end_dragon, slime_altar_2
Ossuary:  ossuary_tomb_3

Skill      XL: |  1  2  3  4  5  6  7  8  9 10 11 12 13 14 |
---------------+-------------------------------------------+-----
Stealth        | 4 5 6 7 10 12 | 12.5
Earth Magic    | 4 5 6 7 10 | 10.0
Spellcasting   | 3 4 5 9 11 | 11.0
Transmutations | 2 3 7 10 | 10.0
Short Blades   | 7 10 | 10.1
Shields        | 2 4 |  4.0
Fighting       | 1 4 6 |  6.4
Dodging        | 4 8 9 |  9.4
Evocations     | 3 4 |  4.0
Necromancy     | 8 |  8.0

Action                   |  1- 3 |  4- 6 |  7- 9 | 10-12 | 13-15 || total
-------------------------+-------+-------+-------+-------+-------++-------
Melee: Unarmed           |     9 |       |       |       |       ||     9
       Short sword       |    75 |   142 |    34 |       |       ||   251
       Bite              |    12 |    11 |    17 |    36 |    23 ||    99
       Dagger            |       |    11 |   165 |   364 |   233 ||   773
 Cast: Sandblast         |    22 |    46 |    33 |    36 |       ||   137
       Petrify           |       |     9 |    52 |   116 |   193 ||   370
       Passwall          |       |     3 |    10 |    13 |    15 ||    41
       Lee's Rapid Decon |       |       |    14 |    26 |    26 ||    66
       Blink             |       |       |       |     3 |       ||     3
       Confusing Touch   |       |       |       |     3 |       ||     3
       Swiftness         |       |       |       |     1 |       ||     1
       Agony             |       |       |       |       |     8 ||     8
 Abil: End Transformatio |       |     1 |     4 |     4 |    13 ||    22
       Bat Form          |       |     1 |     4 |     4 |    13 ||    22
Evoke: Wand              |       |       |       |     4 |       ||     4
       Phial of floods   |       |       |       |     1 |       ||     1
  Use: Potion            |     5 |       |     1 |     5 |     2 ||    13
       Scroll            |       |     7 |     2 |    14 |     7 ||    30
 Stab: Sleeping          |     4 |    11 |    19 |    44 |    33 ||   111
       Distracted        |       |     1 |     1 |       |     2 ||     4
       Petrified         |       |    11 |    41 |    68 |    74 ||   194
       Petrifying        |       |     2 |     3 |    16 |    15 ||    36
       Paralysed         |       |       |     1 |       |       ||     1
       Confused          |       |       |       |     3 |       ||     3
Armor: Robe              |    14 |    47 |    36 |    51 |    31 ||   179
Dodge: Dodged            |    60 |   129 |   127 |   184 |   181 ||   681
Block: Buckler           |       |       |       |    67 |    54 ||   121

Table legend:
 A = Non-vault XP
 B = Vault XP
 C = Vault XP percentage of total XP
 D = Non-vault monster count
 E = Vault monster count
 F = Vault count percentage of total count
                 A         B        C        D         E       F
            +---------+---------+-------+---------+---------+-------
      Total |   56276 |   23841 |  29.8 |     416 |     110 |  20.9
            +---------+---------+-------+---------+---------+-------
        D:1 |      28 |       0 |   0.0 |      16 |       0 |   0.0
        D:2 |      83 |     271 |  76.6 |      19 |       9 |  32.1
        D:3 |      94 |      37 |  28.2 |      19 |       1 |   5.0
        D:4 |     192 |       0 |   0.0 |      15 |       0 |   0.0
        D:5 |     430 |      50 |  10.4 |      27 |       1 |   3.6
        D:6 |    1756 |     701 |  28.5 |      12 |       2 |  14.3
        D:7 |    1136 |      55 |   4.6 |      29 |       4 |  12.1
        D:8 |    1071 |     931 |  46.5 |      26 |       3 |  10.3
        D:9 |    2961 |    4820 |  61.9 |      31 |      20 |  39.2
       D:10 |    2453 |    1140 |  31.7 |      17 |       1 |   5.6
       D:11 |    5967 |       0 |   0.0 |      37 |       0 |   0.0
       D:12 |    8836 |       0 |   0.0 |      49 |       0 |   0.0
       D:13 |       0 |     686 | 100.0 |       0 |       1 | 100.0
     Lair:1 |    6897 |     250 |   3.5 |      27 |       1 |   3.6
     Lair:2 |    3939 |    3294 |  45.5 |      19 |       6 |  24.0
     Lair:3 |    4052 |     422 |   9.4 |      23 |       2 |   8.0
     Lair:4 |    1900 |    1378 |  42.0 |       9 |       5 |  35.7
     Lair:5 |    9721 |     981 |   9.2 |      27 |      14 |  34.1
     Lair:6 |    4760 |    8624 |  64.4 |      14 |      24 |  63.2
    Ossuary |       0 |     201 | 100.0 |       0 |      16 | 100.0
            +---------+---------+-------+---------+---------+-------
